 Dungeon Crawl Stone Soup version 0.27.0-65-ge2af304b15 (webtiles) character file.

Game seed: 15161552064963505310

142 VolelikeOfTheReadme the Sneak (level 5, -1/35 HPs)
             Began as an Octopode Brigand on Aug 18, 2021.
             Was an Initiate of Wu Jian.
             Slain by Sigmund (2 damage)
             ... on level 2 of the Dungeon.
             The game lasted 00:24:06 (1779 turns).

VolelikeOfTheReadme the Sneak (Octopode Brigand)    Turns: 1779, Time: 00:24:07

Health: -1/35      AC:  2    Str: 11    XL:     5   Next: 25%
Magic:  5/5        EV: 13    Int: 13    God:    Wu Jian [......]
Gold:   144        SH:  0    Dex: 14    Spells: 4/4 levels left

rFire    . . .     SeeInvis .   g - +2 short sword (venom)
rCold    . . .     Faith    .   (no shield)
rNeg     . . .     Spirit   .   h - +1 hat
rPois    .         Reflect  .   (no amulet)
rElec    .         Harm     .   (no ring)
rCorr    .         Rampage  .   (no ring)
Will     .....                  (no ring)
Stlth    ++++......             (no ring)
HPRegen  0.11/turn              (no ring)
MPRegen  0.09/turn              (no ring)
                                (no ring)
                                (no ring)

@: no status effects
A: almost no armour, amphibious, 8 rings, camouflage 1, gelatinous body 1,
(nimble swimmer 1), tentacles
a: Renounce Religion


You were on level 2 of the Dungeon.
You worshipped Wu Jian.
Wu Jian was noncommittal.
You visited 1 branch of the dungeon, and saw 2 of its levels.

You collected 144 gold pieces.

Inventory:

Hand Weapons
 a - a +2 dagger
 g - a +2 short sword of venom (weapon)
 k - a +0 rapier
Missiles
 b - 23 poisoned darts (quivered)
 c - 2 curare-tipped darts
 e - 62 stones
Armour
 h - a +1 hat (worn)
Magical Staves
 o - a staff of earth
Scrolls
 f - a scroll of enchant weapon {unknown}
 l - a scroll of identify {unknown}
 m - a scroll of amnesia {unknown}
 n - a scroll of enchant armour {unknown}
 p - a scroll of teleportation {unknown}
 q - a scroll of noise {unknown}
Potions
 d - a potion of might {unknown}
 i - a potion of lignification {unknown}
 j - a potion of curing


   Skills:
 * Level 2.5 Fighting
 * Level 2.8 Short Blades
 * Level 3.3 Throwing
 * Level 1.7 Dodging
 * Level 6.5 Stealth


You had 4 spell levels left.
You didn't know any spells.
Your spell library contained the following spells:

 Spells                   Type           Power      Damage    Failure   Level
 Slow                     Hex            0%         N/A       43%         2
 Confusing Touch          Hex            0%         N/A       67%         3
 Vampiric Draining        Necr           0%         2d6       67%         3


Dungeon Overview and Level Annotations

Branches:
Dungeon (2/15)

Altars:
Wu Jian

Shops:
D:1 =

Annotations:
D:2 Sigmund


Innate Abilities, Weirdness & Mutations

You cannot wear most types of armour.
You are amphibious.
You can wear up to eight rings at the same time.
Your skin changes colour to match your surroundings (Stealth+).
Your rubbery body absorbs attacks. (AC +1, EV +1)
((You are camouflaged near water. (Stealth+)))
You have tentacles for arms and can constrict up to eight enemies at once.


Message History

Found a stone staircase leading down.
Sigmund the Dreaded comes into view.
He is wielding a +2 scythe of freezing.
Sigmund is nearby!
Found a scroll labelled MUTAR JUKLABOBINUE and a scale mail.
q - a scroll labelled MUTAR JUKLABOBINUE It was a potion of curing.
You feel better.
Sigmund shouts!
Sigmund gestures at you while chanting. You resist with some effort.
Throw: 27 darts (poison)
Press: ? - help, Q - select action, (/) - cycle Shift-Dir - straight line, f - Sigmund
Aim: Sigmund, wielding a +2 scythe of freezing and wearing a +0 robe (57% to hit)
You throw a poisoned dart.
The poisoned dart closely misses Sigmund.
Throw: 26 darts (poison)
Press: ? - help, Q - select action, (/) - cycle Shift-Dir - straight line, f/p - Sigmund
Aim: Sigmund, wielding a +2 scythe of freezing and wearing a +0 robe (57% to hit)
You throw a poisoned dart. The poisoned dart hits Sigmund.
Sigmund is poisoned.
Throw: 25 darts (poison)
Press: ? - help, Q - select action, (/) - cycle Shift-Dir - straight line, f/p - Sigmund
Aim: Sigmund, wielding a +2 scythe of freezing and wearing a +0 robe (poisoned, 57% to hit)
You throw a poisoned dart.
The poisoned dart closely misses Sigmund.
Throw: 24 darts (poison)
Press: ? - help, Q - select action, (/) - cycle Shift-Dir - straight line, f/p - Sigmund
Aim: Sigmund, wielding a +2 scythe of freezing and wearing a +0 robe (lightly wounded, poisoned, 57% to hit)
You throw a poisoned dart. The poisoned dart hits Sigmund.
Sigmund looks even sicker.
Sigmund is lightly wounded.
Sigmund hits you with a +2 scythe of freezing.
Sigmund freezes you.
You hit Sigmund.
Sigmund looks as sick as possible!
Your grab misses Sigmund.
Sigmund is lightly wounded.
Sigmund says, "Now you see me, now you don't..."
Sigmund hits you with a +2 scythe of freezing!
Sigmund freezes you.
Sigmund hits you with a +2 scythe of freezing!
* * * LOW HITPOINT WARNING * * *
Sigmund freezes you.
You die...

.........######...####.##........
.......#...#8##...##..........#..
.......#.#........######...##.#..
.......#.#........8# #...##.##.
###.####.#........## #...##....
....# .>..#8###8## ..........<
##### #...######### ###...#.....
...# ####........#########.####
##.... #(....@....... ..
#.(..@..########### # ### ###
#######.....<..#..####
###8###⌠###8###8#..#..#..#..'..##
...................#..#..#..#....
....[..............##.#.##.†#..†.
........................#...#..##
###8##...##8###8##......#...####.
# ####...#### ####.##...##..'..#.


You could see Sigmund (extremely poisoned).

Vanquished Creatures
  Jessica (D:2)
  An orc wizard (D:2)
  4 adders (D:2)
  2 dart slugs (D:2)
  4 orcs (D:2)
  5 endoplasms
  3 giant cockroaches
  A goblin (D:1)
  4 hobgoblins (D:1)
  2 quokkas (D:1)
  8 ball pythons
  5 bats
  A frilled lizard (D:2)
  6 kobolds
  2 rats
49 creatures vanquished.

Notes
Turn   | Place    | Note
-------+----------+-------------------------------------------
     0 | D:1      | VolelikeOfTheReadme the Octopode Brigand began the quest
                  | for the Orb.
     0 | D:1      | Reached XP level 1. HP: 14/14 MP: 1/1
    72 | D:1      | Found Finiar's Jewellery Emporium.
   142 | D:1      | Reached XP level 2. HP: 11/19 MP: 2/2
   401 | D:1      | Found a faded altar of an unknown god.
   512 | D:1      | Reached skill level 6 in Stealth
  1132 | D:2      | Reached XP level 3. HP: 24/24 MP: 3/3
  1224 | D:2      | Reached XP level 4. HP: 29/30 MP: 4/4
  1360 | D:2      | Noticed Jessica
  1365 | D:2      | Killed Jessica
  1366 | D:2      | Reached XP level 5. HP: 35/35 MP: 5/5
  1558 | D:2      | Found an ornate altar of the Wu Jian Council.
  1581 | D:2      | Became a worshipper of the Wu Jian Council
  1698 | D:2      | Noticed Sigmund
  1779 | D:2      | HP: 1/35 [Sigmund (13)]
  1779 | D:2      | Slain by Sigmund

Illustrated notes

Levels and vault maps discovered:
D:1:      nzn_arrival_depleted_hourglass, layout_basic,
          chequers_ecumenical_altar_island, serial_shops,
          nicolae_shop_temple_entry_statues_fountains, glass_columns_a,
          nrook_loot_triangle
D:2:      minmay_chambers_of_twos, layout_basic, basic_altar,
          serial_corexii_hall, corexii_hall_statues_s, corexii_hall_statues_i,
          corexii_hall_statues_t, chequers_hall_statues_wall_a, uniq_jessica,
          uniq_sigmund, uniq_crazy_yiuf_cottage

Skill      XL: |  1  2  3  4 |
---------------+-------------+-----
Stealth        | 6 |  6.5
Throwing       | 3 |  3.3
Fighting       | |  2.5
Short Blades   | |  2.8
Dodging        | |  1.7

Action                   |  1- 3 |  4- 6 || total
-------------------------+-------+-------++-------
Melee: Dagger            |    16 |       ||    16
       Constrict         |    10 |     7 ||    17
       Tentacles         |     6 |     5 ||    11
       Short sword       |    28 |    31 ||    59
Throw: Dart              |    27 |    22 ||    49
       Stone             |    21 |    21 ||    42
Invok: Lunge             |       |     2 ||     2
  Use: Potion            |       |     1 ||     1
 Stab: Sleeping          |     1 |     3 ||     4
Armor: Skin              |     8 |     9 ||    17
Dodge: Dodged            |    27 |    21 ||    48
